 Dungeon Crawl Stone Soup version 0.21.1-1-g345015f (webtiles) character file.

253 dragonmech the Chopper (level 5, -6/47 HPs)
             Began as a Minotaur Fighter on Feb 18, 2018.
             Was a Follower of Makhleb.
             Killed by divine providence
             ... invoked by an orc priest
              (14 damage)
             ... on level 3 of the Dungeon.
             The game lasted 00:09:19 (1636 turns).

dragonmech the Chopper (Minotaur Fighter)           Turns: 1636, Time: 00:09:20

Health: -6/47      AC:  7    Str: 21    XL:     5   Next: 90%
Magic:  4/4        EV:  8    Int:  5    God:    Makhleb [*.....]
Gold:   54         SH: 11    Dex: 10    Spells: 4/4 levels left

rFire    . . .     SeeInvis .   a - +0 war axe
rCold    + + .     Gourm    .   c - +0 shield
rNeg     . . .     Faith    .   b - +0 scale mail
rPois    .         Spirit   .   (helmet restricted)
rElec    .         Reflect  +   (no cloak)
rCorr    .         Harm     .   (no gloves)
MR       .....                  (no boots)
Stlth    ..........             e - +2 amulet of reflection
HPRegen  0.15/turn              (no ring)
MPRegen  0.09/turn              (no ring)

@: no status effects
A: retaliatory headbutt, horns 2, cold resistance 2, wild magic 1
a: Renounce Religion


You were on level 3 of the Dungeon.
You worshipped Makhleb.
Makhleb was aware of your devotion.
You were not hungry.

You visited 1 branch of the dungeon, and saw 3 of its levels.

You collected 54 gold pieces.

Inventory:

Hand Weapons
 a - a +0 war axe (weapon)
Missiles
 h - 8 javelins of penetration (quivered)
Armour
 b - a +0 scale mail (worn)
 c - a +0 shield (worn)
Jewellery
 e - a +2 amulet of reflection (around neck)
Wands
 g - a wand of flame (18)
Scrolls
 f - 2 scrolls of identify


   Skills:
 + Level 4.4 Fighting
 + Level 5.0 Axes
 + Level 4.6 Armour
 + Level 0.7 Dodging
 + Level 0.1 Stealth
 + Level 4.9 Shields
 * Level 1.0 Invocations


You had 4 spell levels left.
You didn't know any spells.

Dungeon Overview and Level Annotations

Branches:
Dungeon (3/15)

Altars:
Cheibriados
Dithmenos
Kikubaaqudgha
Makhleb
Trog
Vehumet


Innate Abilities, Weirdness & Mutations

You reflexively headbutt those who attack you in melee.
You have a pair of horns on your head.
Your flesh is very cold resistant. (rC++)
Your spells are a little harder to cast, but a little more powerful.


Message History

You hear a shout!
You block the orc's attack. x3
You slash the orc!
You kill the orc!
Makhleb accepts your kill.
You hit the orc.
The orc priest hits you from afar with a trident!
* * * LOW HITPOINT WARNING * * *
The orc hits you with a mace.
* * * LOW HITPOINT WARNING * * *
You barely miss the orc.
The orc is severely wounded.
The orc priest calls upon Beogh to heal the orc.
The orc's wounds heal themselves!
You block the orc's attack.
You hit the orc.
You kill the orc!
Makhleb accepts your kill.
The orc priest invokes the aid of Beogh against you.
Beogh smites you!
You die...

## . .###. . .....
.###.....
####........
.o).....#
#####))....#
.#....†@)...######
........).....>..
.#.###..######.##
##..)......(#
#....#####(.#
#.....# #..# ####
#.....# #..# #...
#......# #..#
###... #.#.....
#..###.....


You could see an orc priest.

Vanquished Creatures
  The ghost of FantasticBeast the Skirmisher, an amateur MiBe of Trog (D:3)
  2 orc wizards
  5 adders
  A dart slug (D:2)
  A leopard gecko (D:2)
  8 orcs
  3 giant cockroaches
  3 goblins
  3 hobgoblins
  8 jackals (D:1)
  6 bats
  4 frilled lizards
  6 kobolds
  A leopard gecko zombie (D:2)
52 creatures vanquished.

Vanquished Creatures (others)
  A goblin (D:2)
1 creature vanquished.

Grand Total: 53 creatures vanquished

Notes
Turn   | Place    | Note
-------+----------+-------------------------------------------
     0 | D:1      | dragonmech the Minotaur Fighter began the quest for the Orb.
     0 | D:1      | Reached XP level 1. HP: 19/19 MP: 0/0
    57 | D:1      | Reached XP level 2. HP: 24/27 MP: 1/1
   133 | D:1      | Gained mutation: Your flesh is cold resistant. (rC+) [potion of mutation]
   133 | D:1      | Gained mutation: Your spells are a little harder to cast, but a little more powerful. [potion of mutation]
   133 | D:1      | Gained mutation: Your flesh is very cold resistant. (rC++) [potion of mutation]
   508 | D:2      | Found a burning altar of Makhleb.
   511 | D:2      | Found an ancient bone altar of Kikubaaqudgha.
   511 | D:2      | Found a bloodstained altar of Trog.
   511 | D:2      | Found a snail-covered altar of Cheibriados.
   512 | D:2      | Found a shadowy altar of Dithmenos.
   535 | D:2      | Became a worshipper of Makhleb the Destroyer
   602 | D:2      | Reached XP level 3. HP: 30/33 MP: 2/2
   685 | D:2      | Reached skill level 3 in Axes
   686 | D:2      | Reached XP level 4. HP: 14/40 MP: 3/3
  1137 | D:2      | Found a faded altar of an unknown god.
  1300 | D:3      | Reached skill level 4 in Axes
  1310 | D:3      | Noticed FantasticBeast's ghost (amateur MiBe)
  1322 | D:3      | Killed FantasticBeast's ghost
  1322 | D:3      | Reached XP level 5. HP: 22/47 MP: 4/4
  1614 | D:3      | Found a radiant altar of Vehumet.
  1622 | D:3      | Reached * piety under Makhleb
  1631 | D:3      | Reached skill level 5 in Axes
  1631 | D:3      | Reached skill level 1 in Invocations
  1636 | D:3      | Killed from afar by an orc priest

Skill      XL: |  1  2  3  4  5 |
---------------+----------------+-----
Shields        | 4 |  4.9
Fighting       | 4 |  4.4
Armour         | 4 |  4.6
Axes           | 3 4 5 |  5.0
Invocations    | 1 |  1.0
Dodging        | |  0.7
Stealth        | |  0.1

Action                   |  1- 3 |  4- 6 || total
-------------------------+-------+-------++-------
Melee: War axe           |    55 |    58 ||   113
       Headbutt          |     4 |     6 ||    10
Evoke: Wand              |       |     1 ||     1
  Use: Scroll            |     4 |     1 ||     5
       Potion            |     3 |     2 ||     5
  Eat: Ration            |       |     1 ||     1
Armor: Scale mail        |    31 |    22 ||    53
Dodge: Dodged            |    18 |    14 ||    32
Block: Shield            |    40 |    36 ||    76
       Reflection        |       |     3 ||     3
